 Dungeon Crawl Stone Soup version 0.29.0-4-gdea44cf6ec (webtiles) character file.

Game seed: 9989085445692740948

87 qw the Chopper (level 4, -7/26 HPs)
             Began as a Tengu Warper on Aug 28, 2022.
             Mangled by an ogre
             ... wielding a +0 giant spiked club
              (10 damage)
             ... on level 4 of the Dungeon.
             The game lasted 00:00:17 (3580 turns).

qw the Chopper (Tengu Warper)                       Turns: 3580, Time: 00:00:18

Health: -7/26      AC: 10    Str: 13    XL:     4   Next: 51%
Magic:  8/8        EV:  0    Int: 13    God:
Gold:   209        SH: 10    Dex: 14    Spells: 7/7 levels left

rFire   . . .      SeeInvis .   Y - +0 war axe
rCold   . . .      Faith    .   b - +0 tower shield
rNeg    . . .      Spirit   .   i - +0 plate armour
rPois   .          Reflect  .   (helmet restricted)
rElec   .          Harm     .   (no cloak)
rCorr   .          Rampage  .   (no gloves)
Will    .....                   (boots unavailable)
Stlth   ..........              (no amulet)
HPRegen 0.08/turn               (no ring)
MPRegen 0.11/turn               (no ring)

@: no status effects
A: beak, talons 3
a: no special abilities


You were on level 4 of the Dungeon.
You visited 1 branch of the dungeon, and saw 4 of its levels.

You collected 209 gold pieces.


Innate Abilities, Weirdness & Mutations

You have a beak for a mouth.
You have claws for feet.


   Skills:
 - Level 2.0 Fighting
 - Level 5.1 Axes
 - Level 1.0 Throwing
 - Level 1.1 Armour
 - Level 2.1 Dodging
 + Level 0.0 Shields
 - Level 2.0 Spellcasting
 - Level 2.4 Translocations


You had 7 spell levels left.
You didn't know any spells.
Your spell library contained the following spells:

 Spells                   Type           Power      Damage    Failure   Level
 Blink                    Tloc           14%        N/A       100%        2
 Gell's Gravitas          Tloc           7%         N/A       100%        3
 Lesser Beckoning         Tloc           7%         N/A       100%        3
 Teleport Other           Tloc           7%         N/A       100%        3
 Manifold Assault         Tloc           7%         N/A       100%        5

Inventory:

Hand Weapons
 d - a +0 whip
 Y - a +0 war axe (weapon)
Armour
 b - a +0 tower shield (worn)
 i - a +0 plate armour (worn)
Potions
 a - a potion of haste {unknown}
 e - a potion of heal wounds {unknown}
 g - 2 potions of curing

Dungeon Overview and Level Annotations

Branches:
Dungeon (4/15)             Temple (0/1) D:4

Altars:
Dithmenos

Annotations:
D:3 2 transporters, qw's ghost, amateur TeWr


Message History

It was a scroll of noise.
You hear a shout!
Partly explored, unvisited transporter.
(D) Dungeon
Where to? (* - list waypoints, Enter - D:3, ? - help)
What level of the Dungeon? (default 1, ? - help)
There is a stone staircase leading down here.
You climb downwards.
There is a stone staircase leading up here.
Existing waypoints: (1) D:2 (2) D:3 Assign waypoint to what number? (0-9, D - delete waypoint) Waypoint 1 re-assigned from D:2 to D:4.
There is a stone staircase leading up here.
You now have 202 gold pieces (gained 14).
Found a staircase to the Ecumenical Temple.
You now have 209 gold pieces (gained 7).
An ogre comes into view. It is wielding a +0 giant spiked club.
Enter note:
Enter note:
3572 ||| PLANNING TEMPLE The ogre shouts!
A howler monkey comes into view.
The howler monkey howls!
You barely miss the ogre. You claw the ogre. You peck the ogre.
The ogre is moderately wounded.
You block the ogre's attack.
You closely miss the ogre.
The ogre is moderately wounded.
You closely miss the howler monkey.
The howler monkey hits you but does no damage.
The ogre hits you with a +0 giant spiked club!!
Ouch! That really hurt!
The howler monkey hits you but does no damage.
You hit the ogre. You claw the ogre! You peck the ogre.
The ogre is almost dead.
You hit the howler monkey. You block the howler monkey's attack.
The ogre hits you with a +0 giant spiked club!
You die...

.....~~~~. .# #..~~~~~~.
######.####.~~~~~~~.
#........ ..~~~~~~..
#.#....# #.~~~~~~.>
##.....#####.~~~~~~..
####.........##hO~~~~~~~
.............##.@..~~~~~
####.................~~~
...........####.........
.######....## ####^.###.
#......######..#
#..............# .#
#..............# .#
######.#######.# .#
###.###


You could see an ogre and a howler monkey.

Vanquished Creatures
  2 adders (D:3)
  A worm (D:3)
  A dart slug (D:1)
  6 ball pythons
  8 endoplasms
  2 giant cockroaches
  5 hobgoblins
  4 kobolds
  4 quokkas
  3 bats
  14 goblins
  7 rats
57 creatures vanquished.

Vanquished Creatures (others)
  6 plants (D:3)
6 creatures vanquished.

Grand Total: 63 creatures vanquished

Notes
Turn   | Place    | Note
-------+----------+-------------------------------------------
     0 | D:1      | qw the Tengu Warper began the quest for the Orb.
     0 | D:1      | Reached XP level 1. HP: 12/12 MP: 4/4
     0 | D:1      | 0 ||| qw: Version: 0.1-a-89-g26bdef1
     0 | D:1      | 0 ||| qw: Game counter: 585
     0 | D:1      | 0 ||| qw: Always use a shield: true
     0 | D:1      | 0 ||| qw: God list: Okawaru
     0 | D:1      | 0 ||| qw: Allow faded altars: false
     0 | D:1      | 0 ||| qw: Do Orc after D:15 true
     0 | D:1      | 0 ||| qw: Do second Lair branch before Depths: true
     0 | D:1      | 0 ||| qw: Lair rune preference: random
     0 | D:1      | 0 ||| qw: Plans: Normal
     0 | D:1      | 0 ||| PLANNING D:1-11
   108 | D:1      | 108 ||| Stepping ~*~*~tactically~*~*~ (hiding).
   216 | D:1      | Reached XP level 2. HP: 17/17 MP: 6/6
   252 | D:1      | Reached skill level 3 in Axes
   455 | D:1      | 455 ||| DROPPING +0 club.
  1120 | D:1      | 1120 ||| READING scroll labelled HOEZ WALIRCHEYPE.
  1221 | D:1      | 1221 ||| READING scroll labelled DOPETE YRUYW.
  1222 | D:1      | 1222 ||| READING scroll labelled OTYATYHAOLI.
  1223 | D:1      | 1223 ||| DRINKING 2 dark potions.
  1224 | D:1      | 1224 ||| DROPPING scroll of blinking.
  1388 | D:2      | Reached XP level 3. HP: 18/21 MP: 7/7
  1514 | D:2      | 1514 ||| Stepping ~*~*~tactically~*~*~ (stealth).
  1516 | D:2      | 1516 ||| Stepping ~*~*~tactically~*~*~ (stealth).
  1709 | D:2      | Reached skill level 4 in Axes
  1760 | D:2      | 1760 ||| Stepping ~*~*~tactically~*~*~ (stealth).
  2308 | D:2      | 2308 ||| UPGRADING to +0 ring mail.
  2318 | D:2      | 2318 ||| DROPPING +0 leather armour.
  2319 | D:2      | 2319 ||| READING scroll labelled FEUPRA LIMID.
  2324 | D:2      | 2324 ||| READING 2 scrolls labelled ASARIC SAURO.
  2325 | D:2      | 2325 ||| DROPPING scroll of poison.
  2527 | D:3      | Found a shadowy altar of Dithmenos.
  2631 | D:3      | Found a transporter.
  2809 | D:3      | Reached XP level 4. HP: 26/26 MP: 8/8
  3022 | D:3      | Found a transporter.
  3050 | D:3      | Identified the +3 kite shield of Wogeetze {Dex+3}
  3050 | D:3      | Noticed qw's ghost (amateur TeWr)
  3051 | D:3      | 3051 ||| SWAPPING to +0 war axe.
  3052 | D:3      | 3052 ||| DROPPING +0 hand axe.
  3168 | D:3      | Reached skill level 5 in Axes
  3306 | D:3      | Identified the +2 scale mail of Warph {Int+5}
  3306 | D:3      | Noticed a gnoll sergeant
  3484 | D:3      | 3484 ||| UPGRADING to +0 tower shield.
  3489 | D:3      | 3489 ||| UPGRADING to +0 plate armour.
  3499 | D:3      | 3499 ||| DROPPING +0 ring mail.
  3500 | D:3      | 3500 ||| READING scroll labelled YTAKEPTAPLOM.
  3501 | D:3      | 3501 ||| READING scroll labelled ZOXEIPPUILUA.
  3502 | D:3      | 3502 ||| READING scroll labelled KULOOVVOEM.
  3570 | D:4      | Found a staircase to the Ecumenical Temple.
  3571 | D:4      | Noticed an ogre
  3572 | D:4      | 3572 ||| PLANNING TEMPLE
  3579 | D:4      | HP: 3/26 [ogre/+0 giant spiked club (23)]
  3580 | D:4      | Mangled by an ogre

Levels and vault maps discovered:
D:1:      minmay_arrival_shattered_statue, layout_loops_ring, serial_aquarium,
          aquarium_bridge_square [aquarium_subvault_bridge,
          aquarium_subvault_window, aquarium_subvault_window,
          aquarium_subvault_bridge], aquarium_window_fake,
          aquarium_window_double, aquarium_window_corner, aquarium_window_2,
          aquarium_view_2d, aquarium_view_2c, serial_bayou_pond_d
D:2:      kennysheep_the_goblin_king, layout_rooms, nicolae_hexahallways,
          st_stairs_1, nicolae_elevator_lobby_asterisk
D:3:      layout_basic, amcnicky_altar_gilded, gammafunk_ghost_gnarly_gnolls,
          chequers_serial_rivers_room_b
D:4:      layout_loops_ring, temple_pool_b, st_stairs_11

Skill      XL: |  1  2  3  4 |
---------------+-------------+-----
Axes           | 3 4 5 |  5.1
Fighting       | |  2.0
Throwing       | |  1.0
Armour         | |  1.1
Dodging        | |  2.1
Spellcasting   | |  2.0
Translocations | |  2.4

Action                   |  1- 3 |  4- 6 || total
-------------------------+-------+-------++-------
Melee: Hand axe          |    97 |    11 ||   108
       Kick              |    20 |    10 ||    30
       Peck              |    11 |     7 ||    18
       Punch             |     1 |       ||     1
       War axe           |       |    11 ||    11
Throw: Boomerang         |     7 |       ||     7
  Use: Scroll            |     5 |     3 ||     8
       Potion            |     1 |       ||     1
Armor: Leather armour    |    14 |       ||    14
       Ring mail         |     2 |     3 ||     5
       Plate armour      |       |     2 ||     2
Dodge: Dodged            |    40 |     7 ||    47
Block: Tower shield      |       |     2 ||     2

Table legend:
 A = Non-vault XP
 B = Vault XP
 C = Vault XP percentage of total XP
 D = Non-vault monster count
 E = Vault monster count
 F = Vault count percentage of total count
                 A         B        C        D         E       F
            +---------+---------+-------+---------+---------+-------
      Total |     107 |      18 |  14.4 |      48 |       9 |  15.8
            +---------+---------+-------+---------+---------+-------
        D:1 |      30 |       0 |   0.0 |      16 |       0 |   0.0
        D:2 |      20 |      18 |  47.4 |      13 |       9 |  40.9
        D:3 |      57 |       0 |   0.0 |      19 |       0 |   0.0
            +---------+---------+-------+---------+---------+-------
